 Dungeon Crawl Stone Soup version 0.30-a0-743-gbfdf073431 (webtiles) character file.

Game seed: 1838811431494009363

237 kingofthe the Conjurer (level 6, -4/36 HPs)
             Began as an Octopode Conjurer on Feb 5, 2023.
             Slain by Sigmund
             ... wielding a +0 scythe
              (7 damage)
             ... on level 4 of the Dungeon.
             The game lasted 00:07:52 (3275 turns).

kingofthe the Conjurer (Octopode Conjurer)          Turns: 3275, Time: 00:07:53

Health: -4/36      AC:  1    Str:  9    XL:     6   Next: 6%
Magic:  5/10       EV: 13    Int: 15    God:
Gold:   153        SH:  0    Dex: 10    Spells: 8/11 levels left

rFire   . . .      SeeInvis .    o - +4 whip "Lej Cial" {freeze, rPois rCorr Int-5 Stlth+}
rCold   . . .      Faith    .    (no shield)
rNeg    . . .      Spirit   .    (helmet restricted)
rPois   +          Reflect  .    j - amulet of magic regeneration
rElec   .          Harm     .    c - ring of flight
rCorr   +          Rampage  .    p - ring of willpower
Will    +....                    (no ring)
Stlth   +++++                    (no ring)
HPRegen 0.26/turn                (no ring)
MPRegen 0.52/turn                (no ring)
                                 (no ring)
                                 (no ring)

@: flying
A: almost no armour, amphibious, 8 rings, camouflage 1, gelatinous body 1,
(nimble swimmer 1), tentacles
a: no special abilities


You were on level 4 of the Dungeon.
You visited 1 branch of the dungeon, and saw 4 of its levels.

You collected 153 gold pieces.

Inventory:

Hand Weapons
 o - the +4 whip "Lej Cial" (weapon) {freeze, rPois rCorr Int-5 Stlth+}
   (You found it on level 2 of the Dungeon)

   Int:       It affects your intelligence (-5).
   rPois:     It protects you from poison.
   rCorr:     It protects you from acid and corrosion.
   Stlth:     It makes you more stealthy.
Jewellery
 c - a ring of flight (left tentacle)
 j - an amulet of magic regeneration (around mantle)
 p - a ring of willpower (right tentacle)
 x - an amulet of regeneration
Wands
 r - a wand of flame (23)
Scrolls
 e - 3 scrolls of identify {unknown}
 g - a scroll of silence {unknown}
 h - a scroll of fear {unknown}
 l - a scroll of magic mapping {unknown}
 q - 2 scrolls of enchant weapon {unknown}
 u - a scroll of teleportation {unknown}
 w - a scroll of noise {unknown}
Potions
 a - 2 potions of magic
 b - a potion of haste {unknown}
 d - 3 potions of might {unknown}
 f - 3 potions of brilliance {unknown}
 i - a potion of heal wounds {unknown}
 k - 2 potions of degeneration {unknown}
 m - a potion of invisibility {unknown}
 n - 3 potions of curing {unknown}
 s - a potion of lignification {unknown}
 t - a potion of berserk rage {unknown}
 v - a potion of mutation {unknown}


   Skills:
 * Level 3.5 Dodging
 + Level 4.8 Stealth
 * Level 3.3 Spellcasting
 + Level 4.8 Conjurations


You had 8 spell levels left.
You knew the following spells:

 Your Spells              Type           Power      Damage    Failure   Level
a - Magic Dart            Conj           68%        1d6       2%          1
b - Searing Ray           Conj           34%        2d5       4%          2

Your spell library contained the following spells:

 Spells                   Type           Power      Damage    Failure   Level
 Dazzling Flash           Conj/Hex       18%        N/A       22%         3
 Ensorcelled Hibernation  Hex/Ice        4%         N/A       30%         2
 Passwall                 Tmut/Erth      1%         N/A       30%         2
 Swiftness                Air            2%         N/A       52%         3
 Fulminant Prism          Conj/Hex       4%         3d5       56%         4
 Iskenderun's Mystic Bla  Conj/Tloc      9%         2d4       56%         4


Dungeon Overview and Level Annotations

Branches:
Dungeon (4/15)
 Temple: D:4-7

Altars:
Uskayaw

Annotations:
D:4 2 transporters, RandomusNamus's ghost, amateur TrFi; Sigmund


Innate Abilities, Weirdness & Mutations

You cannot wear most types of armour.
You are amphibious.
You can wear up to eight rings at the same time.
Your skin changes colour to match your surroundings (Stealth+).
Your rubbery body absorbs attacks. (AC +1, EV +1)
((You are camouflaged when in or above water. (Stealth+)))
You have tentacles for arms and can constrict up to eight enemies at once.


Message History

Found 3 stones.
Found 2 atropa-tipped darts.
w - a scroll labelled QUQAUKLYCA
x - an amulet of regeneration You reach down and open the door.
There is an open door here.
Sigmund the Dreaded comes into view.
He is wielding a +0 scythe.
The magic dart hits Sigmund.
Sigmund is lightly wounded.
Sigmund shouts!
Sigmund points at you and mumbles some strange words.
The puff of flame hits you.
There is an open door here.
You reach down and close the door.
Sigmund opens the door.
Casting: Magic Dart (safe; 2% risk of failure)
Confirm with . or Enter, or press ? or * to list all spells.
Aiming: Searing Ray (safe; 4% risk of failure)
Press: ? - help, Shift-Dir - straight line, f/p - Sigmund
Aim: Sigmund, wielding a +0 scythe and wearing a +0 robe (lightly wounded, 75% to hit)
The searing ray hits Sigmund.
Sigmund is lightly wounded. (Press . to maintain the ray.) Sigmund casts a spell.
Sigmund flickers and vanishes!
Deactivating autopickup; reactivate with Ctrl-A.
The searing ray hits something.
Something hits you!
You finish channelling your searing ray.
You hear some strange, mumbled words.
A puff of flame appears from out of thin air!
The puff of flame hits you!
Casting: Searing Ray (safe; 4% risk of failure)
Confirm with . or Enter, or press ? or * to list all spells.
Aiming: Searing Ray (safe; 4% risk of failure)
Press: ? - help, Shift-Dir - straight line (Press . to maintain the ray.)
Something hits you!
* * * LOW HITPOINT WARNING * * *
The searing ray hits something.
Something hits you!
You die...

.....................
#...................
#.@..........######.
#............### #.
#..............# #.
#####..............#
#.
.........{..........#
#.
#########'######....#
#. ........@.# #....#
#. ########### #....#
#. #....# #. #....#
#. #....# ## #....#
#....# ######


There were no monsters in sight!

Vanquished Creatures
  Natasha (thrice) (D:2)
  4 gnolls (D:2)
  6 adders
  An adder skeleton (D:2)
  A worm (D:4)
  2 dart slugs
  An orc (D:4)
  8 ball pythons
  6 endoplasms
  4 goblins
  3 hobgoblins
  10 jackals
  2 quokkas
  A ball python zombie (D:2)
  A bat (D:3)
  4 frilled lizards
  2 kobolds
  7 rats
66 creatures vanquished.

Vanquished Creatures (others)
  5 withered plants (D:2)
5 creatures vanquished.

Grand Total: 71 creatures vanquished

Notes
Turn   | Place    | Note
-------+----------+-------------------------------------------
     0 | D:1      | kingofthe the Octopode Conjurer began the quest for the
                  | Orb.
     0 | D:1      | Reached XP level 1. HP: 11/11 MP: 3/3
   142 | D:1      | Reached XP level 2. HP: 17/17 MP: 0/5
   201 | D:1      | Learned a level 2 spell: Searing Ray
  1004 | D:2      | Reached XP level 3. HP: 21/21 MP: 2/6
  1161 | D:2      | Noticed Natasha
  1171 | D:2      | Killed Natasha
  1172 | D:2      | Reached XP level 4. HP: 18/27 MP: 3/7
  1229 | D:2      | Identified the +4 whip "Lej Cial" {freeze, rPois rCorr
                  | Int-5 Stlth+}
  1433 | D:2      | Noticed Natasha
  1481 | D:2      | Killed Natasha
  1482 | D:2      | Reached XP level 5. HP: 21/31 MP: 5/9
  1765 | D:2      | Noticed Natasha
  1993 | D:2      | Killed Natasha
  2174 | D:3      | Found a hide-covered altar of Uskayaw.
  3008 | D:4      | Reached XP level 6. HP: 36/36 MP: 6/10
  3123 | D:4      | Found a transporter.
  3126 | D:4      | Noticed RandomusNamus's ghost (amateur TrFi)
  3127 | D:4      | Found a transporter.
  3261 | D:4      | Noticed Sigmund
  3275 | D:4      | Slain by Sigmund

Illustrated notes

Levels and vault maps discovered:
D:1:      wander_arrival_desolate, layout_basic
D:2:      layout_loops_cross, serial_undead, serial_undead_b, serial_undead_c,
          serial_undead_c, serial_undead_f, uniq_natasha
D:3:      cheibrodos_old_hovel, layout_basic, nicolae_uskayaw_suspiria
D:4:      layout_basic, gammafunk_ghost_mausoleum, uniq_sigmund

Skill      XL: |  1  2  3  4  5 |
---------------+----------------+-----
Stealth        | 3 4 |  4.8
Dodging        | 3 |  3.5
Spellcasting   | 3 |  3.3
Conjurations   | |  4.8

Action                     |  1- 3 |  4- 6 || total
---------------------------+-------+-------++-------
  Melee: Unarmed           |     6 |       ||     6
         Constrict         |     2 |       ||     2
         Tentacles         |     2 |       ||     2
   Cast: Magic Dart        |    38 |    78 ||   116
         Searing Ray       |     5 |    13 ||    18
 Armour: Skin              |     1 |       ||     1
  Dodge: Dodged            |     9 |     8 ||    17

Table legend: (Time is in decaauts)
 A = Elapsed time spent in this place.
 B = Non-inter-level travel time spent in this place.
 C = Inter-level travel time spent in this place.
 D = Time resting spent in this place.
 E = Time spent auto-exploring this place.
 F = Levels seen in this place.
 G = Mean time per level.
                   A        B        C        D        E       F      G
               +--------+--------+--------+--------+--------+-----+--------+
         Total |   3274 |   3138 |    136 |    146 |   2595 |   4 |  818.5 |
       Dungeon |   3274 |   3138 |    136 |    146 |   2595 |   4 |  818.5 |
               +--------+--------+--------+--------+--------+-----+--------+

Top non-repeatable levels by time:
     D:1: 1079 daAuts
     D:2: 937 daAuts
     D:3: 841 daAuts
     D:4: 416 daAuts
